 Dungeon Crawl Stone Soup version 0.24-a0-125-gdf02491 (console) character file.

Game seed: 1116715265176901141

815 Duffy the Conjurer (level 7, -1/55 HPs)
             Began as a Naga Fire Elementalist on Feb 24, 2019.
             Slain by an ice beast (11 damage)
             ... on level 5 of the Dungeon.
             The game lasted 00:05:25 (5811 turns).

Duffy the Conjurer (Naga Fire Elementalist)         Turns: 5811, Time: 00:05:26

Health: -1/55      AC:  8    Str: 11    XL:     7   Next: 94%
Magic:  5/13       EV:  8    Int: 17    God:
Gold:   331        SH:  0    Dex: 11    Spells: 2/15 levels left

rFire    . . .     SeeInvis +   b - +1 dagger (drain)
rCold    . . .     Gourm    .   (no shield)
rNeg     . . .     Faith    .   a - +0 robe
rPois    +         Spirit   .   m - +0 helmet
rElec    .         Reflect  .   (no cloak)
rCorr    .         Harm     .   (no gloves)
MR       .....                  k - +0 naga barding
Stlth    ++........             (no amulet)
HPRegen  0.18/turn              (no ring)
MPRegen  0.13/turn              (no ring)

@: very slow
A: large, see invisible, deformed body, poison resistance, slowness 2, slow
metabolism 1, spit poison 1, AC +2
a: Spit Poison


You were on level 5 of the Dungeon.
You were not hungry.

You visited 1 branch of the dungeon, and saw 5 of its levels.

You collected 331 gold pieces.

Inventory:

Hand Weapons
 b - a +1 dagger of draining (weapon)
 l - a +4 scythe of venom
Armour
 a - a +0 robe (worn)
 k - a +0 naga barding (worn)
 m - a +0 helmet (worn)
Scrolls
 d - a scroll of noise {unknown}
 e - 4 scrolls of identify
 f - 3 scrolls of teleportation
 g - 2 scrolls of random uselessness {unknown}
 h - 3 scrolls of enchant weapon {unknown}
 i - 2 scrolls of enchant armour {unknown}
 j - a scroll of magic mapping {unknown}
 p - a scroll of remove curse {unknown}
 r - a scroll of amnesia {unknown}
 s - a scroll of fear {unknown}
Potions
 n - 2 potions of agility
 o - a potion of lignification
 q - a potion of magic
Comestibles
 c - 5 rations


   Skills:
 - Level 1.5 Dodging
 - Level 3.0 Stealth
 + Level 4.6 Spellcasting
 + Level 5.5 Conjurations
 + Level 5.4 Fire Magic


You had 2 spell levels left.
You knew the following spells:

 Your Spells              Type           Power        Failure   Level  Hunger
h - Flame Tongue          Conj/Fire      ###..        1%          1    None
j - Sticky Flame          Conj/Fire      ###.....     16%         4    ####...
k - Fireball              Conj/Fire      ###.......   41%         5    ######.
l - Conjure Flame         Conj/Fire      ###.....     4%          3    ###....

Your spell library contained the following spells:

 Spells                   Type           Power        Failure   Level  Hunger
 Throw Flame              Conj/Fire      ###...       2%          2    ##.....
 Inner Flame              Hex/Fire       ##......     14%         3    ###....


Dungeon Overview and Level Annotations

Branches:
Dungeon (5/15)
 Temple: D:4-7

Altars:

Shops:
D:5 [


Innate Abilities, Weirdness & Mutations

You cannot wear boots.
Your serpentine skin is tough. (AC +2)
You have supernaturally acute eyesight. (SInv)
Armour fits poorly on your strangely shaped body.
Your system is resistant to poisons. (rPois)
You cover ground very slowly.
You have a slow metabolism.
You can spit poison.


Message History

Press: ? - help, Shift-Dir - straight line, f/p - ice beast
Aim: an ice beast (lightly wounded)
The flame tongue hits the ice beast but does no damage.
The ice beast is lightly wounded.
The ice beast hits you but does no damage.
Cast which spell? (? or * to list)
Aiming: Flame Tongue (safe; 1% risk of failure)
Press: ? - help, Shift-Dir - straight line, f/p - ice beast
Aim: an ice beast (lightly wounded)
The flame tongue hits the ice beast.
The ice beast melts!
The ice beast is lightly wounded.
The ice beast hits you. The ice beast freezes you!
Cast which spell? (? or * to list)
Aiming: Flame Tongue (safe; 1% risk of failure)
Press: ? - help, Shift-Dir - straight line, f/p - ice beast
Aim: an ice beast (lightly wounded)
The flame tongue hits the ice beast!
The ice beast melts!
The ice beast is heavily wounded.
The ice beast hits you. The ice beast freezes you!
You die...

... ...... ### .}.<.
#.. .... #.. ... #####
#.. #.. ##~~~## #..
####.#######~~~~~###..
#..Y........~~\...##..
#...@...##..~~~~~.##..
#.......##...~~~..##..
#.......##....#..###..
#..?....##....#.####..
#.......##........##..
#.................####
#.$.....##........# #
#.......##........####
#.......##...........'


You could see an ice beast.

Vanquished Creatures
  Sigmund (D:2)
  A phantom (D:4)
  A water moccasin skeleton (D:4)
  A hound (D:4)
  A bullfrog skeleton (D:4)
  An orc priest (D:5)
  A jelly (D:5)
  2 iguanas
  4 orc wizards
  2 worker ants (D:4)
  A hound skeleton (D:4)
  3 gnolls (D:4)
  5 adders
  An ooze (D:2)
  An adder zombie (D:5)
  A worm (D:2)
  3 dart slugs
  2 leopard geckos (D:4)
  11 orcs
  A ball python (D:2)
  3 giant cockroaches
  7 hobgoblins
  8 jackals (D:1)
  A quokka (D:2)
  4 bats
  7 frilled lizards
  8 goblins
  8 kobolds
  7 rats
97 creatures vanquished.

Notes
Turn   | Place    | Note
-------+----------+-------------------------------------------
     0 | D:1      | Duffy the Naga Fire Elementalist began the quest for the
                  | Orb.
     0 | D:1      | Reached XP level 1. HP: 15/15 MP: 3/3
   253 | D:1      | Reached XP level 2. HP: 20/22 MP: 5/5
   904 | D:1      | Reached XP level 3. HP: 16/28 MP: 6/6
   909 | D:1      | Learned a level 3 spell: Conjure Flame
  1971 | D:2      | Reached XP level 4. HP: 36/36 MP: 7/7
  2013 | D:2      | Noticed Sigmund
  2030 | D:2      | Killed Sigmund
  2030 | D:2      | Reached XP level 5. HP: 4/42 MP: 0/9
  3021 | D:3      | Reached XP level 6. HP: 49/49 MP: 10/10
  4078 | D:4      | Reached XP level 7. HP: 54/55 MP: 12/12
  4280 | D:5      | Entered Level 5 of the Dungeon
  4550 | D:4      | Reached skill level 5 in Conjurations
  4550 | D:4      | Reached skill level 5 in Fire Magic
  4600 | D:4      | Learned a level 4 spell: Sticky Flame
  4866 | D:4      | Learned a level 5 spell: Fireball
  5738 | D:5      | Found Lekhlecs's Armour Shop.
  5811 | D:5      | Slain by an ice beast

Levels and vault maps discovered:
D:1:      kilobyte_arrival_exit_the_forest, layout_loops_ring
D:2:      layout_loops_ring, serial_forest, infiniplex_forest_lined_2,
          infiniplex_forest_clump_small, infiniplex_forest_split,
          infiniplex_forest_straight_3, infiniplex_forest_lined_room_2,
          infiniplex_forest_end_2, infiniplex_forest_clump_long, uniq_sigmund
D:3:      layout_basic
D:4:      layout_loops_ring, kennysheep_generic_room_3
D:5:      layout_basic, first_ration, serial_shops, nicolae_shop_waterfront,
          shop, nicolae_shop_overgrown_old_shop, shop, grunt_ministairs_1,
          uniq_prince_ribbit1

Skill      XL: |  1  2  3  4  5  6  7 |
---------------+----------------------+-----
Conjurations   | 2 3 4 5 |  5.5
Spellcasting   | 3 4 |  4.6
Fire Magic     | 4 5 |  5.4
Dodging        | |  1.5
Stealth        | |  3.0

Action                   |  1- 3 |  4- 6 |  7- 9 || total
-------------------------+-------+-------+-------++-------
Melee: Dagger            |    74 |    73 |    32 ||   179
       Scythe            |       |     2 |       ||     2
 Cast: Flame Tongue      |     8 |    30 |    59 ||    97
       Conjure Flame     |       |     2 |     1 ||     3
 Abil: Spit Poison       |     5 |     9 |    12 ||    26
  Use: Scroll            |       |     2 |     2 ||     4
 Stab: Sleeping          |     4 |     2 |       ||     6
       Distracted        |     1 |       |       ||     1
  Eat: Chunk             |     3 |     6 |     5 ||    14
Armor: Robe              |    12 |    41 |    28 ||    81
Dodge: Dodged            |    34 |    44 |    34 ||   112

Table legend:
 A = Non-vault XP
 B = Vault XP
 C = Vault XP percentage of total XP
 D = Non-vault monster count
 E = Vault monster count
 F = Vault count percentage of total count
                 A         B        C        D         E       F
            +---------+---------+-------+---------+---------+-------
      Total |     778 |     387 |  33.2 |      94 |       3 |   3.1
            +---------+---------+-------+---------+---------+-------
        D:1 |      39 |       0 |   0.0 |      23 |       0 |   0.0
        D:2 |      50 |     223 |  81.7 |      18 |       1 |   5.3
        D:3 |      75 |       0 |   0.0 |      22 |       0 |   0.0
        D:4 |     444 |     129 |  22.5 |      21 |       1 |   4.5
        D:5 |     170 |      35 |  17.1 |      10 |       1 |   9.1
            +---------+---------+-------+---------+---------+-------
